 Dungeon Crawl Stone Soup version 0.28-a0-1233-g92def6ad0a (webtiles) character file.

Game seed: 15185411510248210175

474 Lekart the Chopper (level 6, -1/53 HPs)
             Began as a Draconian Chaos Knight on Dec 23, 2021.
             Was a Plaything of Xom.
             Slain by a hound (2 damage)
             ... on level 4 of the Dungeon.
             The game lasted 00:05:09 (2707 turns).

Lekart the Chopper (Draconian Chaos Knight)         Turns: 2707, Time: 00:05:09

Health: -1/53      AC:  6    Str: 14 (17) XL:     6   Next: 84%
Magic:  6/6        EV: 12    Int: 12 (13) God:    Xom [*.....]
Gold:   1073       SH:  4    Dex: 10 (12) Spells: 5/5 levels left

rFire   . . .      SeeInvis .   d - +3 executioner's axe (flame)
rCold   . . .      Faith    .   (shield currently unavailable)
rNeg    + . .      Spirit   .   (armour unavailable)
rPois   .          Reflect  .   (helmet restricted)
rElec   .          Harm     .   (no cloak)
rCorr   +          Rampage  .   (no gloves)
Will    .....      Clarity  +   (no boots)
Stlth   +.........              b - amulet of the acrobat
HPRegen 0.17/turn               f - ring of the Thieving Enemy {rN+ rCorr Str+3}
MPRegen 0.10/turn               (no ring)

@: flying
A: AC +6, unfitting armour, cold-blooded, large bone plates 1, clarity
a: Renounce Religion


You were on level 4 of the Dungeon.
You worshipped Xom.
You were a special plaything of Xom.
You visited 1 branch of the dungeon, and saw 4 of its levels.

You collected 1073 gold pieces.

Inventory:

Hand Weapons
 a - a +0 hand axe of chaos
 d - a +3 executioner's axe of flaming (weapon)
Jewellery
 b - an amulet of the acrobat (around neck)
 f - the ring of the Thieving Enemy (left hand) {rN+ rCorr Str+3}
   (You acquired it on level 2 of the Dungeon)

   [ring of positive energy]

   Str:       It affects your strength (+3).
   rN:        It protects you from negative energy.
   rCorr:     It protects you from acid and corrosion.
Wands
 h - a wand of polymorph (12)
Potions
 c - a potion of might
 e - a potion of flight


   Skills:
 + Level 4.7 Fighting
 + Level 6.3 Axes
 + Level 3.4 Dodging
 + Level 0.4 Shields


You had 5 spell levels left.
You didn't know any spells.
Your spell library contained the following spells:

 Spells                   Type           Power      Damage    Failure   Level
 Summon Small Mammal      Summ           0%         N/A       32%         1
 Call Canine Familiar     Summ           0%         N/A       69%         3
 Portal Projectile        Hex/Tloc       0%         N/A       69%         3
 Summon Guardian Golem    Hex/Summ       0%         N/A       69%         3
 Blade Hands              Tmut           0%         N/A       100%        5
 Excruciating Wounds      Necr           0%         N/A       100%        5


Dungeon Overview and Level Annotations

Branches:
Dungeon (4/15)
 Temple: D:4-7

Altars:
Fedhas
Gozag
Xom
The Shining One


Innate Abilities, Weirdness & Mutations

Your plain brown scales are hard. (AC +6)
You cannot fit into any form of body armour.
You are cold-blooded and may be slowed by cold attacks.
You are partially covered in large bone plates. (SH +4)
You possess an exceptional clarity of mind.


Message History

Found a throwing net, 11 gold pieces and a robe.
Your surroundings suddenly seem different.
Found an amethyst potion and a falchion.
Found a stone staircase leading down and a stone staircase leading up.
Your surroundings suddenly seem different.
An iguana comes into view.
Found a ring mail.
Found a glowing golden altar of the Shining One.
Unknown command.
It was a potion of flight.
You feel very buoyant.
You fly up into the air.
Xom thinks this is hilarious!
The iguana hisses angrily.
You hear a bark!
A hound comes into view.
There is a glowing golden altar of the Shining One here.
Okay, then.
You aren't carrying any scrolls.
Unknown command.
Press < or > to pray at altars.
Okay, then.
You hit the iguana. You burn the iguana.
The iguana is moderately wounded.
The iguana bites you but does no damage.
The iguana bites you.
* * * LOW HITPOINT WARNING * * *
You barely miss the iguana.
The iguana is moderately wounded. "How about this?"
The floor seems to rush up at you! The iguana bites you.
* * * LOW HITPOINT WARNING * * *
You slash the iguana! You burn the iguana.
You kill the iguana!
The hound barely misses you.
You feel your intelligence returning.
You barely miss the hound.
Your tail-slap misses the hound.
The hound misses you. The hound barely misses you.
The hound closely misses you.
You hit the hound but do no damage. The hound bites you.
You die...

. # #
#.###.# #.
......# #.#
...!..#
#[h##
.........
#@#
....>......
#_#
.....######
### ...<.#
.....#
###.##


You could see a hound.

Vanquished Creatures
  Sigmund (D:2)
  A centaur (D:4)
  A phantom (D:3)
  An iguana (D:4)
  Robin (D:2)
  A gnoll (D:4)
  An adder (D:2)
  2 worms
  3 dart slugs
  An orc (D:3)
  4 ball pythons
  6 endoplasms
  5 giant cockroaches
  10 hobgoblins
  11 jackals (D:1)
  6 kobolds
  2 quokkas
  5 bats
  A frilled lizard (D:1)
  8 goblins
  7 rats
78 creatures vanquished.

Vanquished Creatures (collateral kills)
  2 orcs (D:3)
  A bat (D:3)
3 creatures vanquished.

Grand Total: 81 creatures vanquished

Notes
Turn   | Place    | Note
-------+----------+-------------------------------------------
     0 | D:1      | Lekart the Draconian Chaos Knight began the quest for the
                  | Orb.
     0 | D:1      | Reached XP level 1. HP: 19/19 MP: 1/1
    87 | D:1      | XOM: silly message
   124 | D:1      | XOM: silly message
   285 | D:1      | XOM: divination: detect creatures
   409 | D:1      | Reached XP level 2. HP: 21/26 MP: 2/2
   792 | D:1      | XOM: god gift: book of Weapons
   912 | D:1      | XOM: scenery: create altars
   977 | D:1      | Reached XP level 3. HP: 33/33 MP: 3/3
  1009 | D:1      | Found a faded altar of an unknown god.
  1148 | D:1      | Identified 2 scrolls of acquirement
  1148 | D:1      | Acquired 997 gold pieces
  1149 | D:1      | Acquired a +2 executioner's axe of flaming
  1209 | D:2      | XOM: divination: magic mapping
  1249 | D:2      | Acquired the ring of the Thieving Enemy {rN+ rCorr Str+3}
  1297 | D:2      | Found a glowing golden altar of the Shining One.
  1465 | D:2      | Reached skill level 4 in Axes
  1521 | D:2      | Noticed Sigmund
  1525 | D:2      | XOM: cleaving
  1526 | D:2      | Killed Sigmund
  1527 | D:2      | Reached skill level 5 in Axes
  1527 | D:2      | Reached XP level 4. HP: 34/41 MP: 4/4
  1527 | D:2      | Reached XP level 5. HP: 39/47 MP: 5/5
  1682 | D:2      | XOM: 3-stop teleportation journey
  1702 | D:2      | Noticed Robin
  1709 | D:2      | Killed Robin
  1848 | D:2      | Gained mutation: You possess an exceptional clarity of
                  | mind. [potion of mutation]
  1848 | D:2      | Gained mutation: You are partially covered in large bone
                  | plates. (SH +4) [potion of mutation]
  2087 | D:3      | Noticed a phantom
  2092 | D:3      | Reached XP level 6. HP: 49/53 MP: 6/6
  2119 | D:3      | XOM: 2-stop teleportation journey
  2266 | D:3      | Found a blossoming altar of Fedhas.
  2503 | D:4      | Found an opulent altar of Gozag.
  2556 | D:4      | XOM: scenery: summon butterflies
  2563 | D:4      | XOM: potion effect (brilliance)
  2570 | D:4      | Reached skill level 6 in Axes
  2672 | D:4      | XOM: chaos upgrade
  2699 | D:4      | Found a glowing golden altar of the Shining One.
  2699 | D:4      | XOM: 5-stop teleportation journey
  2704 | D:4      | XOM: silly message
  2704 | D:4      | HP: 1/53 [iguana (5)]
  2707 | D:4      | Slain by a hound

Illustrated notes

Levels and vault maps discovered:
D:1:      sevenhm_arrival_forest_fort_small_3, layout_basic,
          hellmonk_ecumenical_altar_dog_temple, hangedman_decor_points,
          amcnicky_mini_rare_corridor_liquid
D:2:      layout_loops_ring, basic_altar, uniq_sigmund, uniq_robin
D:3:      layout_rooms, lemuel_tele_altar
D:4:      minmay_wonky_spiral, layout_loops_ring, marbit_many_paths,
          mainiacjoe_overflow_alcove_4, nicolae_ossuary_entry_catacombs

Skill      XL: |  1  2  3  4  5  6 |
---------------+-------------------+-----
Fighting       | 4 |  4.7
Axes           | 5 6 |  6.3
Dodging        | 3 |  3.4
Shields        | |  0.4

Action                   |  1- 3 |  4- 6 || total
-------------------------+-------+-------++-------
Melee: Hand axe          |    72 |       ||    72
       Tailslap          |     8 |     4 ||    12
       Executioner's axe |    33 |    70 ||   103
  Use: Scroll            |     5 |     6 ||    11
       Potion            |       |     5 ||     5
 Stab: Sleeping          |     1 |       ||     1
Armor: Skin              |    56 |    31 ||    87
Dodge: Dodged            |    76 |    72 ||   148
Block: Other             |       |    20 ||    20

Table legend: (Time is in decaauts)
 A = Elapsed time spent in this place.
 B = Non-inter-level travel time spent in this place.
 C = Inter-level travel time spent in this place.
 D = Time resting spent in this place.
 E = Time spent auto-exploring this place.
 F = Levels seen in this place.
 G = Mean time per level.
                   A        B        C        D        E       F      G
               +--------+--------+--------+--------+--------+-----+--------+
         Total |   2764 |   2716 |     48 |    410 |   1721 |   4 |  691.0 |
       Dungeon |   2764 |   2716 |     48 |    410 |   1721 |   4 |  691.0 |
               +--------+--------+--------+--------+--------+-----+--------+

Top non-repeatable levels by time:
     D:1: 1180 daAuts
     D:2: 880 daAuts
     D:3: 482 daAuts
     D:4: 221 daAuts
